 Dungeon Crawl Stone Soup version 0.31-a0-858-g469dc525a8 (webtiles) character file.

Game seed: 17485611404845522533

415 IcyTea the Chiller (level 6, 41/41 (45) HPs)
             Began as a Draconian Ice Elementalist on Oct 9, 2023.
             Was a Believer of Ru.
             Quit the game on level 4 of the Dungeon on Oct 11, 2023.
             The game lasted 00:12:59 (3433 turns).

IcyTea the Chiller (Draconian Ice Elementalist)     Turns: 3433, Time: 00:13:00

HP:   41/41 (45)    AC:  8    Str: 17    XL:     6   Next: 60%
MP:   9/9           EV:  7    Int: 17    God:    Ru [**....]
Gold: 222           SH:  0    Dex: 11    Spells: 2/9 levels left

rFire   . . .        m - +3 hand axe (freeze)
rCold   . . .        (no shield)
rNeg    . . .        (body armour unavailable)
rPois   .            p - +1 hat
rElec   .            s - +0 cloak
rCorr   .            (no gloves)
SInv    .            (no boots)
Will    +....        (no amulet)
Stlth   ++           j - +6 ring of strength
HPRegen 0.26/turn    t - ring of willpower
MPRegen 0.11/turn

%: no passive effects
@: drained
A: AC +6, unfitting armour, cold-blooded, hated by all, reduced EV 1
a: Renounce Religion


You were on level 4 of the Dungeon.
You worshipped Ru.
Ru was pleased with you.
You visited 1 branch of the dungeon, and saw 4 of its levels.
You also visited: Sewer.

You collected 222 gold pieces.

Inventory:

Hand Weapons
 b - a +0 long sword
 m - a +3 hand axe of freezing (weapon)
 r - a +3 quarterstaff of chaos
Missiles
 k - 2 throwing nets
 n - 5 poisoned darts
Armour
 c - a scarf of repulsion
 p - a +1 hat (worn)
 s - a +0 cloak (worn)
Jewellery
 j - a +6 ring of strength (left hand)
 t - a ring of willpower (right hand)
Talismans
 F - a dragon-blood talisman
Wands
 q - a wand of charming (8)
Scrolls
 f - 2 scrolls of amnesia
 h - a scroll of brand weapon
 l - 2 scrolls of poison
 o - a scroll of vulnerability
 x - a scroll of noise {unknown}
 y - a scroll of blinking
 D - a scroll of butterflies {unknown}
 E - a scroll of revelation {unknown}
Potions
 a - a potion of magic
 d - a potion of attraction {unknown}
 e - 5 potions of heal wounds
 g - 3 potions of curing {unknown}
 i - a potion of brilliance {unknown}
 u - a potion of haste {unknown}
 v - 2 potions of enlightenment {unknown}
 w - a potion of experience {unknown}
 z - a potion of lignification {unknown}
 A - a potion of berserk rage {unknown}
 B - a potion of invisibility {unknown}
 C - a potion of mutation {unknown}


   Skills:
 - Level 0.3 Long Blades
 - Level 1.8 Dodging
 - Level 1.8 Stealth
 - Level 2.3 Spellcasting
 + Level 7.8 Ice Magic


You had 2 spell levels left.
You knew the following spells:

 Your Spells              Type           Power      Damage    Failure   Level
a - Freeze                Ice            100%       1d10      1%          1
b - Ozocubu's Armour      Ice            28%        N/A       2%          3
c - Frozen Ramparts       Ice            56%        1d9       2%          3

Your spell library contained the following spells:

 Spells                   Type           Power      Damage    Failure   Level
 Kiss of Death            Conj/Necr      8%         2d6       19%         1
 Confusing Touch          Hex            2%         N/A       50%         3
 Dispel Undead            Necr           2%         3d7       88%         4
 Summon Ice Beast         Ice/Summ       Unusable   N/A       N/A         4

Dungeon Overview and Level Annotations

Branches:
Dungeon (4/15)              Sewer (visited)
 Temple: D:4-7

Altars:
Ru
Uskayaw
Wu Jian
The Shining One


Innate Abilities, Weirdness & Mutations

Your plain brown scales are hard. (AC +6)
You cannot fit into any form of body armour.
You are cold-blooded and may be slowed by cold attacks.
You are hated by all.
You have somewhat slow reflexes. (EV -5)


Message History

You are frozen.
You feel yourself slow down.
You hit the endoplasm. You freeze the endoplasm. You tail-slap the endoplasm.
The endoplasm is almost dead.
You feel yourself speed up. The endoplasm freezes you.
You are frozen.
The endoplasm freezes you.
You are frozen.
You feel yourself slow down.
You slash the endoplasm! You freeze the endoplasm.
You kill the endoplasm!
You feel yourself speed up.
HP restored.
You open the door.
n - 5 poisoned darts (gained 3)
Found a stone staircase leading down.
You now have 211 gold pieces (gained 11).
Found a stone staircase leading down.
Found 7 gold pieces.
You now have 215 gold pieces (gained 4).
You now have 222 gold pieces (gained 7).
Found a dragon-blood talisman.
An orc comes into view. It is wielding a +0 dagger of draining.
The orc shouts!
You see here a dragon-blood talisman.
F - a dragon-blood talisman The orc hits you but does no damage.
You feel drained.
You hit the orc. You freeze the orc.
The orc is heavily wounded.
The orc hits you but does no damage.
You feel drained.
You closely miss the orc. You tail-slap the orc.
The orc is almost dead.
The orc hits you but does no damage.
You feel drained.
You hit the orc. You freeze the orc.
You kill the orc!
Found 13 gold pieces.
You see here a +0 dagger of draining.
Welcome back, IcyTea the Draconian Ice Elementalist.
Ru says: Cut away your false body!
Press ? for a list of commands and other information.
Are you sure you want to abandon this character and quit the game? (Confirm with "yes".)

.# .... .#..... #.# ..#.#..
........ ... .......
.#...... #.# ......
.#.####. #.# ....# .# #
#... ...#.## ....# .+
+..>.....+.. ....# .#
#..... ..#.########....# ##
#..... ..#@.......).# #....
#.#.#####....# ....
#.#..........#
#.####.##..######....#
#.................#.##
...####.####.###.######.#$#
...........#.# #.# .# #
.######.##.#.# #.# .# # #.#
#.# #.#


There were no monsters in sight!

Vanquished Creatures
  2 bullfrogs (Sewer)
  Crazy Yiuf (D:3)
  Terence (D:3)
  An orc wizard (D:3)
  11 adders
  4 river rats (Sewer)
  2 worms (D:4)
  4 orcs
  4 bats
  3 endoplasms
  3 giant cockroaches
  2 goblins (D:2)
  A hobgoblin (D:1)
  3 jackals (D:1)
  4 kobolds
  A quokka (D:3)
  16 ball pythons
  3 frilled lizards
  27 rats
93 creatures vanquished.

Vanquished Creatures (others)
  A rat (Sewer)
1 creature vanquished.

Grand Total: 94 creatures vanquished

Notes
Turn   | Place    | Note
-------+----------+-------------------------------------------
     0 | D:1      | IcyTea the Draconian Ice Elementalist began the quest for
                  | the Orb.
     0 | D:1      | Reached XP level 1. HP: 14/14 MP: 3/3
    47 | D:1      | Found a faded altar of an unknown god.
    47 | D:1      | Noticed an ice devil
    57 | D:1      | Prayed at the altar of an unknown god.
    57 | D:1      | Became a worshipper of Ru the Awakened
    60 | D:1      | Gained mutation: You have somewhat slow reflexes. (EV -5)
                  | [Ru sacrifice]
    60 | D:1      | Reached * piety under Ru
   158 | D:1      | Reached XP level 2. HP: 20/20 MP: 0/5
   637 | D:1      | You fall into a shaft and drop 1 floor!
   731 | D:2      | Reached XP level 3. HP: 21/26 MP: 6/6
   859 | D:2      | Reached skill level 5 in Ice Magic
   950 | D:2      | Learned a level 3 spell: Ozocubu's Armour
  1643 | D:3      | Reached XP level 4. HP: 29/33 MP: 7/7
  1645 | D:3      | Noticed Terence
  1653 | D:3      | Killed Terence
  1668 | D:3      | Found an ornate altar of the Wu Jian Council.
  1721 | D:3      | Found a hide-covered altar of Uskayaw.
  1728 | D:3      | Found a glowing golden altar of the Shining One.
  1881 | D:3      | Reached skill level 6 in Ice Magic
  1881 | D:3      | Reached XP level 5. HP: 8/38 MP: 2/8
  2057 | D:3      | Gained mutation: You are hated by all. [Ru sacrifice]
  2057 | D:3      | Reached ** piety under Ru
  2336 | D:3      | Found a runed translucent door.
  2337 | D:3      | Noticed Crazy Yiuf
  2345 | D:3      | Killed Crazy Yiuf
  2798 | D:4      | Found a glowing drain.
  2819 | Sewer    | Entered a sewer
  2927 | Sewer    | Learned a level 3 spell: Frozen Ramparts
  3067 | Sewer    | Reached skill level 7 in Ice Magic
  3074 | Sewer    | Reached XP level 6. HP: 29/45 MP: 9/9
  3433 | D:4      | Quit the game

Illustrated notes

Levels and vault maps discovered:
D:1:      dpeg_arrival_long_road, layout_loops_ring,
          dreamdust_ecumenical_altar_sealed_demon
D:2:      layout_basic
D:3:      layout_loops_ring, grunt_temple_overflow_open,
          chequers_serial_rivers_room_a, kennysheep_minor_cross,
          grunt_decor_one_mirror, uniq_crazy_yiuf_cottage, uniq_terence
D:4:      layout_basic, nicolae_hepliaklqana_hazy_memory,
          cheibrodos_sewer_entry_bend

Skill      XL: |  1  2  3  4  5 |
---------------+----------------+-----
Ice Magic      | 5 6 7 |  7.8
Long Blades    | |  0.3
Dodging        | |  1.8
Stealth        | |  1.8
Spellcasting   | |  2.3

Action                     |  1- 3 |  4- 6 || total
---------------------------+-------+-------++-------
  Melee: Long sword        |    51 |       ||    51
         Tailslap          |     3 |    10 ||    13
         Hand axe          |     4 |   131 ||   135
         Punch             |       |     3 ||     3
   Cast: Freeze            |    19 |    14 ||    33
         Ozocubu's Armour  |       |     4 ||     4
 Invoke: Sacrifice Health  |     1 |       ||     1
         Sacrifice Love    |       |     1 ||     1
    Use: Scroll            |     5 |     2 ||     7
   Stab: Sleeping          |     6 |     3 ||     9
         Distracted        |       |     1 ||     1
 Armour: Skin              |    59 |   125 ||   184
  Dodge: Dodged            |    33 |    75 ||   108

Table legend: (Time is in decaauts)
 A = Elapsed time spent in this place.
 B = Non-inter-level travel time spent in this place.
 C = Inter-level travel time spent in this place.
 D = Time resting spent in this place.
 E = Time spent auto-exploring this place.
 F = Levels seen in this place.
 G = Mean time per level.
                   A        B        C        D        E       F      G
               +--------+--------+--------+--------+--------+-----+--------+
         Total |   3534 |   3494 |     40 |    408 |   1982 |   5 |  706.8 |
       Dungeon |   3011 |   2971 |     40 |    201 |   1982 |   4 |  752.8 |
         Sewer |    522 |    522 |      0 |    207 |      0 |   1 |  522.0 |
               +--------+--------+--------+--------+--------+-----+--------+

Top non-repeatable levels by time:
     D:2: 1011 daAuts
     D:3: 917 daAuts
     D:1: 646 daAuts
   Sewer: 522 daAuts
     D:4: 436 daAuts
